 Dungeon Crawl Stone Soup version 0.28-a0-1347-g113dc556a4 (webtiles) character file.

Game seed: 10175784974885837742

489 enile the Skirmisher (level 7, -3/54 HPs)
             Began as a Djinni Hedge Wizard on Dec 29, 2021.
             Was an Initiate of Yredelemnul.
             Slain by a centaur warrior zombie (9 damage)
             ... on level 5 of the Dungeon.
             The game lasted 00:11:18 (5256 turns).

enile the Skirmisher (Djinni Hedge Wizard)          Turns: 5256, Time: 00:11:19

Health: -3/54      AC:  6    Str:  9    XL:     7   Next: 36%
Gold:   81         EV: 13    Int: 20    God:    Yredelemnul [......] SH:  0 Dex: 15

rFire   + . .      SeeInvis .   v - +9 dagger of Qyssei {freeze, Fly Int+2}
rCold   . . .      Faith    .   (no shield)
rNeg    . . .      Spirit   .   d - +0 leather armour
rPois   ∞          Reflect  .   c - +0 hat
rElec   .          Harm     .   n - +0 cloak
rCorr   .          Rampage  .   m - +1 pair of gloves {Dex+3}
Will    .....                   (boots unavailable)
Stlth   ++........              (no amulet)
HPRegen 0.18/turn               q - ring of ice
MPRegen 0.00/turn               (no ring)

@: flying
A: sickness immunity, fire resistance 2, cold vulnerability 1, float, innate
caster, hp casting, extra vitality 1
a: Renounce Religion, Recall Undead Harvest


You were on level 5 of the Dungeon.
You worshipped Yredelemnul.
Yredelemnul was noncommittal.
You visited 1 branch of the dungeon, and saw 5 of its levels.

You collected 119 gold pieces.
You spent 38 gold pieces at shops.

Inventory:

Hand Weapons
 a - a +0 dagger
 e - a +3 spectral club
 f - a +0 quarterstaff
 i - a +3 quarterstaff of chaos
 k - a +2 mace of protection
 v - the +9 dagger of Qyssei (weapon) {freeze, Fly Int+2}
   (You found it on level 4 of the Dungeon)

   It freezes those it strikes, dealing additional cold damage.
   It can also slow down cold-blooded creatures.
   Int:       It affects your intelligence (+2).
   Fly:       It grants you flight.
Armour
 b - a +0 robe
 c - a +0 hat (worn)
 d - a +0 leather armour (worn)
 m - a +1 pair of gloves of dexterity (worn)
 n - a +0 cloak (worn)
Jewellery
 q - a ring of ice (left hand)
Scrolls
 g - 2 scrolls of fear
 o - a scroll of amnesia
 s - a scroll of magic mapping {unknown}
 t - a scroll of enchant weapon {unknown}
 w - a scroll of enchant armour
Potions
 h - 4 potions of resistance
 j - a potion of flight {unknown}
 l - a potion of heal wounds {unknown}
 p - 2 potions of might {unknown}
 r - a potion of mutation {unknown}
 u - a potion of cancellation {unknown}
 x - a potion of berserk rage {unknown}
 z - a potion of curing


   Skills:
 - Level 5.0 Fighting
 + Level 0.6 Short Blades
 - Level 1.0 Maces & Flails
 - Level 1.0 Armour
 - Level 4.0 Dodging
 - Level 1.6 Stealth
 - Level 3.0 Spellcasting
 - Level 2.0 Invocations


You couldn't memorise any spells.
You knew the following spells:

 Your Spells              Type           Power      Damage    Failure   Level
a - Magic Dart            Conj           60%        1d6       5%          1
b - Blink                 Tloc           30%        N/A       9%          2
c - Call Imp              Summ           15%        N/A       9%          2
d - Slow                  Hex            60%        N/A       5%          1
e - Conjure Flame         Conj/Fire      15%        6-21      17%         3
f - Mephitic Cloud        Conj/Pois/Air  15%        N/A       17%         3
g - Freeze                Ice            88%        1d10      5%          1
h - Scorch                Fire           30%        2d7       9%          2
i - Poisonous Vapours     Pois/Air       30%        N/A       9%          2
Your spell library was empty.

Dungeon Overview and Level Annotations

Branches:
Dungeon (5/15)
 Temple: D:4-7

Altars:
Sif Muna
Yredelemnul

Shops:
D:3 ?(


Innate Abilities, Weirdness & Mutations

You are immune to sickness and miasma.
You are immune to poison.
Your flesh is very heat resistant. (rF++)
You are vulnerable to cold. (rC-)
You float through the air rather than walking.
You learn spells naturally, not from books.
Your magical power is your life essence.
You have superior vitality. (+4 MHP)


Message History

The centaur warrior zombie kicks you but does no damage.
The centaur warrior zombie hits you.
The centaur warrior zombie closely misses you.
You hit the centaur warrior zombie.
The centaur warrior zombie is heavily damaged.
The centaur warrior zombie hits you but does no damage.
The centaur warrior zombie kicks you but does no damage.
You hit the centaur warrior zombie.
The centaur warrior zombie is heavily damaged.
The centaur warrior zombie hits you. The centaur warrior zombie kicks you.
You hit the centaur warrior zombie but do no damage.
The centaur warrior zombie is heavily damaged.
The centaur warrior zombie hits you!
The centaur warrior zombie closely misses you.
Casting: Call Imp (safe; 9% risk of failure)
Confirm with . or Enter, or press ? or * to list all spells.
A shadowy apparition takes form in the air.
* * * LOW HITPOINT WARNING * * *
The centaur warrior zombie misses you.
The centaur warrior zombie kicks you but does no damage.
The centaur warrior zombie hits you but does no damage.
The centaur warrior zombie kicks you but does no damage.
There is a stone staircase leading up here.
You puncture the centaur warrior zombie!
The centaur warrior zombie is heavily damaged.
The centaur warrior zombie closely misses you.
The centaur warrior zombie kicks you but does no damage.
Your shadow imp hits the centaur warrior zombie but does no damage.
The centaur warrior zombie closely misses you.
The centaur warrior zombie kicks you.
* * * LOW HITPOINT WARNING * * *
You hit the centaur warrior zombie.
The centaur warrior zombie is severely damaged.
The centaur warrior zombie hits you!
* * * LOW HITPOINT WARNING * * *
The centaur warrior zombie misses you.
Your shadow imp hits the centaur warrior zombie.
The centaur warrior zombie hits you!
You die...
Your body rises from the dead as a mindless zombie.

#.#
#.#
#.#
#.#
#.#
#.#
#5#
#Z#
#@#
###


You could see a centaur warrior zombie (ally target) and a friendly shadow imp
(summoned).

Vanquished Creatures
  A phantom (D:4)
  A jelly (D:4)
  2 orc priests (D:4)
  Crazy Yiuf (D:3)
  A shadow imp (D:5)
  An ufetubus (D:4)
  9 orcs
  7 endoplasms
  A giant cockroach (D:3)
  2 goblins (D:1)
  6 hobgoblins
  2 jackals (D:2)
  4 kobolds
  2 quokkas
  10 ball pythons
  10 bats
  5 frilled lizards
  4 rats
69 creatures vanquished.

Vanquished Creatures (collateral kills)
  Sigmund (D:3)
  Ijyb (D:3)
  An orc wizard (D:4)
  An adder skeleton (D:4)
  4 orcs (D:3)
  2 giant cockroaches (D:3)
10 creatures vanquished.

Vanquished Creatures (others)
  A goblin zombie (D:3)
  A bat zombie (D:3)
  2 ball python zombies (D:3)
  A frilled lizard zombie (D:3)
  2 giant cockroach zombies (D:3)
  6 orc zombies
  A spectral endoplasm (D:4)
  2 fungi (D:3)
16 creatures vanquished.

Grand Total: 95 creatures vanquished

Notes
Turn   | Place    | Note
-------+----------+-------------------------------------------
     0 | D:1      | enile the Djinni Hedge Wizard began the quest for the Orb.
     0 | D:1      | Reached XP level 1. HP: 15/15 MP: 0/0
   198 | D:1      | Reached skill level 1 in Fighting
   234 | D:1      | Reached XP level 2. HP: 20/22 MP: 0/0
   600 | D:1      | Reached skill level 2 in Fighting
   935 | D:1      | Reached XP level 3. HP: 26/28 MP: 0/0
   935 | D:1      | Learned a level 1 spell: Freeze
  2253 | D:2      | Found a faded altar of an unknown god.
  2261 | D:2      | Prayed at the altar of an unknown god.
  2261 | D:2      | Became a worshipper of Yredelemnul the Dark
  2261 | D:2      | Reached * piety under Yredelemnul
  2522 | D:3      | Found Cihej's Antique Weapon Shop.
  2544 | D:3      | Noticed Sigmund
  2585 | D:3      | Found Fikk's Magic Scroll Shop.
  2650 | D:3      | Reached XP level 4. HP: 10/33 MP: 0/0
  2695 | D:3      | Killed Sigmund
  2696 | D:3      | Reached skill level 1 in Armour
  2696 | D:3      | Reached skill level 3 in Fighting
  2696 | D:3      | Reached XP level 5. HP: 18/40 MP: 0/0
  2696 | D:3      | Learned a level 2 spell: Scorch
  2696 | D:3      | Reached XP level 6. HP: 20/46 MP: 0/0
  3144 | D:3      | Found a runed translucent door.
  3145 | D:3      | Noticed Crazy Yiuf
  3183 | D:3      | Noticed Ijyb
  3221 | D:3      | Killed Ijyb
  3516 | D:3      | Reached skill level 4 in Fighting
  3648 | D:3      | Bought a scroll of fear for 38 gold pieces
  3752 | D:3      | Your ally Ijyb died
  3759 | D:3      | Killed Crazy Yiuf
  3999 | D:4      | Reached skill level 1 in Maces & Flails
  4608 | D:4      | Reached XP level 7. HP: 32/52 MP: 0/0
  4608 | D:4      | Learned a level 2 spell: Poisonous Vapours
  4819 | D:4      | Identified the +9 dagger of Qyssei {freeze, Fly Int+2}
  5041 | D:4      | Reached skill level 5 in Fighting
  5223 | D:5      | Entered Level 5 of the Dungeon
  5256 | D:5      | Slain by a centaur warrior zombie

Illustrated notes

Levels and vault maps discovered:
D:1:      dpeg_arrival_subterranean_lakeside_camping, layout_loops_ring,
          minmay_domino_4
D:2:      layout_rooms, hellmonk_ecumenical_altar_slurped_away
D:3:      layout_loops_ring, serial_shops, shop, shop, uniq_crazy_yiuf_cottage,
          uniq_ijyb, uniq_sigmund
D:4:      nicolae_BIG_FREAKIN_CUBE, layout_loops_cross, led_sif_pool
D:5:      layout_basic, serial_co_window_serial, co_window_corner_a,
          co_window_of_opportunity_a, co_window_paths_b, co_window_paths_b,
          co_window_paths_a, co_window_cross_3, co_window_paths_c,
          co_window_cross_3, co_window_paths_e, glass_columns_a, glass_columns_b

Skill      XL: |  1  2  3  4  5  6  7 |
---------------+----------------------+-----
Fighting       | 1 2 3 4 5 |  5.0
Spellcasting   | 3 |  3.0
Dodging        | 3 4 |  4.0
Armour         | 1 |  1.0
Invocations    | 2 |  2.0
Maces & Flails | 1 |  1.0
Short Blades   | |  0.6
Stealth        | |  1.6

Action                   |  1- 3 |  4- 6 |  7- 9 || total
-------------------------+-------+-------+-------++-------
Melee: Dagger            |    17 |       |    25 ||    42
       Mace              |     2 |    20 |       ||    22
       Club              |       |    35 |     4 ||    39
 Cast: Magic Dart        |    89 |    20 |     2 ||   111
       Call Imp          |     5 |     5 |     4 ||    14
       Blink             |     1 |     1 |       ||     2
       Mephitic Cloud    |       |     3 |       ||     3
       Scorch            |       |     2 |       ||     2
       Slow              |       |     1 |       ||     1
  Use: Scroll            |     2 |       |     3 ||     5
       Potion            |       |     2 |       ||     2
 Stab: Sleeping          |     1 |       |     2 ||     3
       Distracted        |       |     2 |     1 ||     3
Armor: Leather armour    |    16 |    16 |    21 ||    53
       Robe              |     3 |       |       ||     3
Dodge: Dodged            |    18 |    31 |    13 ||    62

Table legend: (Time is in decaauts)
 A = Elapsed time spent in this place.
 B = Non-inter-level travel time spent in this place.
 C = Inter-level travel time spent in this place.
 D = Time resting spent in this place.
 E = Time spent auto-exploring this place.
 F = Levels seen in this place.
 G = Mean time per level.
                   A        B        C        D        E       F      G
               +--------+--------+--------+--------+--------+-----+--------+
         Total |   5270 |   5070 |    200 |     65 |   4318 |   5 | 1054.0 |
       Dungeon |   5270 |   5070 |    200 |     65 |   4318 |   5 | 1054.0 |
               +--------+--------+--------+--------+--------+-----+--------+

Top non-repeatable levels by time:
     D:1: 1789 daAuts
     D:3: 1548 daAuts
     D:4: 1262 daAuts
     D:2: 638 daAuts
     D:5: 32 daAuts
